 Dungeon Crawl Stone Soup version 0.22-a0-423-g4197694 (webtiles) character file.

23053 emperorscorpion the Fencer (level 12, -2/166 (168) HPs)
             Began as a Minotaur Berserker on May 23, 2018.
             Was a High Priest of Trog.
             Slain by a yak (8 damage)
             ... on level 1 of the Lair of Beasts.
             The game lasted 00:16:13 (10428 turns).

emperorscorpion the Fencer (Minotaur Berserker)    Turns: 10428, Time: 00:16:14

HP:   -2/166 (168)  AC: 12    Str: 32    XL:     12   Next: 68%
MP:   12/12         EV: 13    Int:  4    God:    Trog [*****.]
Gold: 398           SH:  0    Dex: 15    Spells: 11/11 levels left

rFire    + + .     SeeInvis .   a - +2 great sword (freeze)
rCold    + . .     Gourm    .   (shield currently unavailable)
rNeg     . . .     Faith    .   s - +0 chain mail
rPois    +         Spirit   .   (helmet restricted)
rElec    +         Reflect  .   e - scarf {rC+ rF+}
rCorr    .         Harm     .   (no gloves)
MR       .....                  (no boots)
Stlth    ..........             (no amulet)
HPRegen  0.37/turn              u - ring of poison resistance
MPRegen  0.13/turn              K - ring of Agevoh {rElec rF+ Str+5}

@: berserking, very quick
A: retaliatory headbutt, horns 2
a: Berserk, Trog's Hand, Brothers in Arms, Renounce Religion


You were on level 1 of the Lair of Beasts.
You worshipped Trog.
Trog was extremely pleased with you.
You were very hungry.

You visited 2 branches of the dungeon, and saw 14 of its levels.

You collected 398 gold pieces.

Inventory:

Hand Weapons
 a - a +2 great sword of freezing (weapon)
 b - a +1 short sword of speed
 f - a cursed -3 trident
 k - a cursed -3 dagger
 v - a +1 falchion
 F - a +2 great sword
 L - a +3 falchion of freezing
Missiles
 q - 4 tomahawks (quivered)
 w - 62 poisoned needles
 B - 7 tomahawks of returning
 N - 5 steel tomahawks
Armour
 e - a scarf of resistance (worn)
 i - a +0 ring mail
 m - a +0 scale mail
 n - a +0 animal skin
 o - a +1 cloak
 s - a +0 chain mail (worn)
 G - a +0 plate armour
 J - a +1 ring mail of poison resistance
Magical Staves
 A - an uncursed staff of earth {unknown}
 R - an uncursed staff of earth {unknown}
 W - a cursed staff of earth {unknown}
Jewellery
 u - a ring of poison resistance (left hand)
 I - a +4 ring of intelligence
 K - the ring of Agevoh (right hand) {rElec rF+ Str+5}
   (You found it on level 11 of the Dungeon)

   [ring of protection from fire]

   It affects your strength (+5).
   It protects you from fire.
   It insulates you from electricity.
 U - an uncursed ring of ice
Wands
 l - a wand of paralysis (10)
 y - a wand of polymorph (22)
 O - a wand of flame (27)
 Q - a wand of iceblast (8)
 S - a wand of clouds (1)
Scrolls
 g - a scroll of blinking
 p - a scroll of enchant weapon
 x - 6 scrolls of teleportation
 C - 4 scrolls of remove curse
 D - a scroll of immolation
 E - a scroll of magic mapping
 P - a scroll of identify
Potions
 d - 2 potions of mutation
 j - 3 potions of curing
 r - 3 potions of flight
 t - a potion of might
 z - 2 potions of agility
 H - a potion of degeneration {unknown}
 M - a potion of invisibility {unknown}
 T - a potion of brilliance {unknown}
 X - 2 potions of resistance {unknown}
Miscellaneous
 h - a lamp of fire
Comestibles
 c - 14 rations


   Skills:
 + Level 12.0 Fighting
 + Level 1.2(10.4) Short Blades
 + Level 16.6(16.7) Long Blades
 + Level 12.1 Armour
 + Level 6.7 Dodging
 + Level 2.9 Stealth
 + Level 1.4 Evocations


You had 11 spell levels left.
You didn't know any spells.
Your spell library contained the following spells:

 Spells                   Type           Power        Failure   Level  Hunger
 Magic Dart               Conj           #...         88%         1    ##.....
 Confuse                  Hex            #.......     99%         3    ####...
 Iskenderun's Mystic Bla  Conj           #.......     100%        4    #####..
 Stone Arrow              Conj/Erth      #.....       99%         3    ####...
 Confusing Touch          Hex            #.....       88%         1    ##.....
 Passwall                 Tmut/Erth      #.........   96%         2    ###....
 Metabolic Englaciation   Hex/Ice        #.........   100%        5    ######.
 Lee's Rapid Deconstruct  Erth           #.........   100%        5    ######.
 Sandblast                Erth           #.....       88%         1    ##.....
 Petrify                  Tmut/Erth      #.......     100%        4    #####..
 Fulminant Prism          Conj/Hex       #.........   100%        4    #####..
 Dazzling Spray           Conj/Hex       #.....       99%         3    ####...
 Force Lance              Conj/Tloc      #.......     100%        4    #####..
 Searing Ray              Conj           #.....       96%         2    ###....
 Gell's Gravitas          Tloc           #.........   99%         3    ####...
 Yara's Violent Unravell  Hex/Tmut       #.........   100%        5    ######.


Dungeon Overview and Level Annotations

Branches:
Dungeon (13/15)            Temple (0/1) D:4            Lair (1/6) D:10
    Orc (0/2) D:11
 Vaults: D:13-14

Altars:
Cheibriados
Hepliaklqana
Okawaru
Ru
Trog
Zin
The Shining One
Beogh

Shops:
D:6 *   D:7 =


Innate Abilities, Weirdness & Mutations

You reflexively headbutt those who attack you in melee.
You have a pair of horns on your head.


Message History

Unknown command.
You hit the yak. You freeze the yak.
You kill the yak!
Trog accepts your kill. The wolf completely misses you. The yak misses you.
You riposte.
You slice the yak!! You freeze the yak.
You kill the yak!
Trog accepts your kill. The wolf barely misses you. You furiously retaliate!
You headbutt the wolf, but do no damage.
You riposte.
You closely miss the wolf. Your headbutt misses the wolf.
The wolf is almost dead.
You slash the wolf! You freeze the wolf.
You feel the power of Trog in you as your rage grows.
You kill the wolf!
Trog accepts your kill. The wolf bites you.
* * * LOW HITPOINT WARNING * * *
The yak gores you!
You die...

####....####
..........#
#..........
.........# .
####....P...
...
.........
.....#.#†Y#
.......<@#
.....#.†h#
.........# #
#..##.l#
.... #...
..#. ##... #
. #..# ##
#.##


You could see a yak, a wolf and an iguana.

Vanquished Creatures
  Fannar (D:10)
  A hydra (D:11)
  6 two-headed ogres
  A centaur warrior (D:13)
  The ghost of Kairos the Cleaver, a novice DsGl of Okawaru (D:9)
  An ugly thing (D:13)
  2 centaur zombies (D:11)
  The ghost of Slunt the Merchant of Misery, a novice DsNe of Kikubaaqudgha (D:7)
  A kobold demonologist (D:9)
  12 trolls
  2 hornets (D:11)
  Prince Ribbit (D:6)
  2 meliai zombies
  A hippogriff (D:8)
  A shadow (D:12)
  2 wyverns
  A wraith (D:13)
  25 yaks
  2 basilisks
  2 steam dragons
  2 hungry ghosts (D:10)
  A soldier ant (D:12)
  3 acid dragons
  2 orc warriors
  2 ogres
  2 sky beasts
  A necrophage (D:7)
  2 black bears
  An ice beast (D:8)
  4 wolves (Lair:1)
  8 centaurs
  3 crocodiles (D:10)
  14 big kobolds (D:9)
  8 bullfrogs
  A wyvern skeleton (D:13)
  2 scorpions
  12 wights
  2 howler monkeys (D:8)
  2 electric eels (D:11)
  9 crimson imps
  3 bullfrog zombies
  A hound (D:9)
  3 quasits
  5 jellies
  6 orc priests
  7 orc wizards
  3 bullfrog skeletons
  2 centaur skeletons
  Ijyb (D:5)
  14 worker ants
  A howler monkey zombie (D:10)
  5 gnolls (D:8)
  A howler monkey skeleton (D:10)
  6 adders
  2 shadow imps
  An ooze (D:1)
  2 adder zombies
  2 adder skeletons (D:8)
  2 worms
  2 dart slugs
  A leopard gecko (D:6)
  42 orcs
  A ball python (D:7)
  3 giant cockroaches
  2 hobgoblins (D:1)
  6 jackals
  13 kobolds (D:9)
  3 quokkas
  A bat (D:1)
  2 frilled lizards
  3 goblins (D:8)
  2 rats
295 creatures vanquished.

Vanquished Creatures (collateral kills)
  A troll (D:10)
1 creature vanquished.

Vanquished Creatures (others)
  5 wights (D:9)
5 creatures vanquished.

Grand Total: 301 creatures vanquished

Notes
Turn   | Place    | Note
-------+----------+-------------------------------------------
     0 | D:1      | emperorscorpion the Minotaur Berserker began the quest for the Orb.
     0 | D:1      | Reached XP level 1. HP: 19/19 MP: 0/0
    50 | D:1      | Reached XP level 2. HP: 27/27 MP: 1/1
   217 | D:4      | Reached skill level 4 in Long Blades
   235 | D:4      | Reached XP level 3. HP: 12/34 MP: 2/2
   294 | D:4      | Reached XP level 4. HP: 36/41 MP: 3/3
   442 | D:4      | Found a staircase to the Ecumenical Temple.
   446 | D:5      | Entered Level 5 of the Dungeon
   471 | D:5      | Reached skill level 5 in Long Blades
   600 | D:6      | Noticed a bullfrog
   606 | D:6      | Killed a bullfrog
   606 | D:6      | Reached ** piety under Trog
   606 | D:6      | Reached skill level 5 in Fighting
   606 | D:6      | Reached XP level 5. HP: 48/48 MP: 4/4
   990 | D:5      | Noticed Ijyb
  1000 | D:5      | Killed Ijyb
  1002 | D:5      | Reached XP level 6. HP: 56/56 MP: 5/5
  1016 | D:5      | Reached skill level 6 in Long Blades
  1359 | D:6      | Found Zin's Purification Station.
  1359 | D:6      | Noticed Prince Ribbit
  1387 | D:6      | Killed Prince Ribbit
  1387 | D:6      | Reached skill level 7 in Long Blades
  1387 | D:6      | Reached skill level 1 in Stealth
  1387 | D:6      | Reached XP level 7. HP: 42/62 MP: 6/6
  1493 | D:6      | Found a glowing silver altar of Zin.
  1598 | D:6      | Found a sacrificial altar of Ru.
  1982 | D:7      | Noticed Slunt's ghost (novice DsNe)
  1996 | D:7      | Killed Slunt's ghost
  1996 | D:7      | Reached skill level 8 in Long Blades
  1996 | D:7      | Reached skill level 5 in Armour
  1996 | D:7      | Reached XP level 8. HP: 71/71 MP: 7/7
  2035 | D:6      | You fall through a shaft for 2 floors!
  2405 | D:5      | Reached skill level 9 in Long Blades
  2461 | D:6      | Found a glowing golden altar of the Shining One.
  2684 | D:7      | Reached skill level 1 in Evocations
  2692 | D:7      | Found Xachen's Jewellery Shoppe.
  2764 | D:7      | Found a bloodstained altar of Trog.
  2965 | D:7      | Found an iron altar of Okawaru.
  3234 | D:8      | Reached skill level 10 in Long Blades
  3236 | D:8      | Reached skill level 5 in Dodging
  3236 | D:8      | Reached XP level 9. HP: 75/78 MP: 8/8
  3308 | D:8      | Reached *** piety under Trog
  3311 | D:8      | Noticed a two-headed ogre
  3318 | D:8      | Killed a two-headed ogre
  3318 | D:8      | Reached skill level 11 in Long Blades
  3662 | D:8      | Reached skill level 12 in Long Blades
  3912 | D:9      | Noticed a two-headed ogre
  3917 | D:9      | Killed a two-headed ogre
  3917 | D:9      | Reached XP level 10. HP: 88/88 MP: 9/9
  3963 | D:9      | Reached **** piety under Trog
  4168 | D:9      | Reached skill level 13 in Long Blades
  4185 | D:8      | Found a hazy altar of Hepliaklqana.
  4585 | D:9      | Noticed a two-headed ogre
  4590 | D:9      | Noticed a two-headed ogre
  4852 | D:9      | Noticed Kairos's ghost (novice DsGl)
  4862 | D:9      | Killed Kairos's ghost
  4960 | D:10     | Entered Level 10 of the Dungeon
  4969 | D:10     | Reached ***** piety under Trog
  5640 | D:11     | Reached XP level 11. HP: 89/98 MP: 10/10
  5846 | D:11     | Reached skill level 10 in Fighting
  6077 | D:11     | Got a flickering pewter ring
  6079 | D:11     | Identified the ring of Agevoh {rElec rF+ Str+5} (You found it on level 11 of the Dungeon)
  6086 | D:11     | Reached skill level 14 in Long Blades
  6089 | D:11     | Received a gift from Trog
  6492 | D:11     | Reached skill level 10 in Armour
  6948 | D:13     | Noticed a centaur warrior
  6952 | D:13     | Reached skill level 15 in Long Blades
  7311 | D:13     | Killed a centaur warrior
  7580 | D:13     | Noticed a purple ugly thing
  7585 | D:13     | Killed a purple ugly thing
  7585 | D:13     | Reached XP level 12. HP: 109/109 MP: 12/12
  7624 | D:12     | Noticed a two-headed ogre
  7630 | D:12     | Killed a two-headed ogre
  8014 | D:12     | Found a snail-covered altar of Cheibriados.
  8036 | D:11     | Noticed a seven-headed hydra
  8044 | D:11     | Killed a seven-headed hydra
  8182 | D:11     | Reached skill level 1 in Short Blades
  8228 | D:11     | Noticed a two-headed ogre
  8230 | D:11     | Killed a two-headed ogre
  8230 | D:11     | Reached skill level 16 in Long Blades
  8247 | D:11     | Found a staircase to the Orcish Mines.
  8255 | D:11     | Found a roughly hewn altar of Beogh.
  8895 | D:9      | Received a gift from Trog
  8911 | D:9      | Killed a two-headed ogre
  9134 | D:9      | Killed a two-headed ogre
  9609 | D:10     | Noticed Fannar
  9638 | D:10     | Killed Fannar
 10075 | D:10     | Found a staircase to the Lair.
 10406 | Lair:1   | Entered Level 1 of the Lair of Beasts
 10426 | Lair:1   | HP: 8/166 [wolf (6)]
 10428 | Lair:1   | Slain by a yak

Vault maps used:
D:1:      dpeg_arrival_orchard
D:2:      amethyst_overflow_temple_binary
D:3:      wad_river_or_something
D:4:      ashenzari_conservatory_becter, temple_green
D:5:      kennysheep_little_box, first_ration, uniq_duvessa, uniq_ijyb
D:6:      nicolae_overflow_crystal_walls, zin_purify,
          nicolae_ru_sacrificial_ziggurat, uniq_prince_ribbit1
D:7:      overflow_temple_1_default, trog_ov_bears_minmay, serial_shops, shop,
          minmay_statues_item
D:8:      kennysheep_mini_moat, lightli_bailey_entry_fortress
D:9:      special_room, lemuel_flame_loot_1
D:10:     erik_lair_dragon, uniq_fannar
D:11:     lemuel_troll_bridge, minmay_orc_entry_temple_small,
          hangedman_little_slice_of_home
D:12:     cheibriados_altar_1, uniq_rupert
Lair:1:   beast_lair_carwin_large_2, minmay_lair_oklob_items, st_stairs_12,
          serial_bayou_shore_a

Skill      XL: |  1  2  3  4  5  6  7  8  9 10 11 12 |
---------------+-------------------------------------+-----
Fighting       | 4 5 6 7 8 9 11 12 | 12.0
Long Blades    | 4 5 7 8 10 12 13 15 16 | 16.6
Armour         | 3 4 5 6 7 8 11 12 | 12.1
Dodging        | 3 4 5 6 |  6.7
Stealth        | 1 2 |  2.9
Evocations     | 1 |  1.4
Short Blades   | 1 |  1.2

Action                   |  1- 3 |  4- 6 |  7- 9 | 10-12 || total
-------------------------+-------+-------+-------+-------++-------
Melee: Falchion          |    30 |    71 |   115 |   280 ||   496
       Headbutt          |     6 |    20 |    43 |   161 ||   230
       Great sword       |       |       |    62 |   250 ||   312
       Short sword       |       |       |       |     6 ||     6
Invok: Berserk           |     2 |     2 |     6 |     8 ||    18
       Brothers in Arms  |       |       |       |     1 ||     1
Evoke: Wand              |       |     3 |       |     7 ||    10
  Use: Scroll            |       |     3 |     1 |     9 ||    13
 Stab: Sleeping          |     1 |       |       |       ||     1
       Paralysed         |       |     3 |       |       ||     3
       Distracted        |       |       |       |     1 ||     1
  Eat: Chunk             |       |     5 |     3 |    33 ||    41
       Ration            |       |       |     3 |       ||     3
Armor: Animal skin       |     6 |       |       |       ||     6
       Ring mail         |     3 |    18 |    31 |    26 ||    78
       Chain mail        |       |       |       |   155 ||   155
Dodge: Dodged            |    13 |    36 |   107 |   286 ||   442
       Rpst.: Falchion   |     4 |    11 |    19 |    27 ||    61
       Great sword       |       |       |    13 |    53 ||    66

Table legend:
 A = Spawn XP
 B = Non-spawn XP
 C = Spawn XP percentage of total XP
 D = Spawn monster count
 E = Non-spawn monster count
 F = Spawn count percentage of total count
 G = Total turns spent on level
                    A         B        C        D         E        F      G
               +---------+---------+-------+---------+---------+-------+---------
         Total |       0 |   32933 |   0.0 |       0 |     296 |   0.0 | 10428
               +---------+---------+-------+---------+---------+-------+---------
           D:1 |       0 |      17 |   0.0 |       0 |       6 |   0.0 |    88
           D:2 |       0 |       3 |   0.0 |       0 |       2 |   0.0 |    71
           D:4 |       0 |     146 |   0.0 |       0 |      13 |   0.0 |   597
           D:5 |       0 |     312 |   0.0 |       0 |      13 |   0.0 |   538
           D:6 |       0 |     720 |   0.0 |       0 |      14 |   0.0 |   992
           D:7 |       0 |    1532 |   0.0 |       0 |      21 |   0.0 |   899
           D:8 |       0 |    2534 |   0.0 |       0 |      46 |   0.0 |  1130
           D:9 |       0 |    5656 |   0.0 |       0 |      59 |   0.0 |  1426
          D:10 |       0 |    3723 |   0.0 |       0 |      25 |   0.0 |  1314
          D:11 |       0 |    9128 |   0.0 |       0 |      46 |   0.0 |  2070
          D:12 |       0 |    4763 |   0.0 |       0 |      26 |   0.0 |   922
          D:13 |       0 |    2876 |   0.0 |       0 |      16 |   0.0 |   327
        Lair:1 |       0 |    1523 |   0.0 |       0 |       9 |   0.0 |    22
               +---------+---------+-------+---------+---------+-------+---------
